[Event "Polish Youth Ekstraliga 2022"]
[Site "Lublin"]
[Date "2022.07.02"]
[Round "8.5"]
[White "Lochina, Justyna"]
[Black "Goraj, Barbara"]
[Result "0-1"]
[ECO "B66"]
[WhiteElo "1672"]
[BlackElo "2035"]
[Annotator "NA RC"]
[PlyCount "76"]
[EventDate "2022.06.24"]
[EventType "team-tourn"]
[EventCountry "POL"]
[SourceTitle "playchess.com"]
[Source "ChessBase"]
[SourceQuality "1"]
[TimeControl "40/5400+30:1800+30"]

1. e4 c5 2. Nf3 Nc6 3. d4 cxd4 4. Nxd4 Nf6 5. Nc3 d6 6. Bg5 e6 7. Qd2 a6 8. Nxc6 bxc6 9. O-O-O Be7 10. Bxf6 gxf6 11. Bc4 h5 12. f4 Rb8 13. Rhe1 Qb6 14. Bb3 a5 $16 15. Re3 Bd7 16. Na4 Qa7 17. c4 c5 18. Qc2 Ra8 19. Kb1 Bc6 20. a3 h4 21. Rde1 Kd7 22. Rh3 Rhb8 23. Nc3 a4 24. Ba2 Rb7 25. Rxh4 Rab8 26. Re2 f5 27. Rh7 Bxe4 28. Nxe4 Rxb2+ 29. Qxb2 fxe4 30. Rxf7 Rxb2+ 31. Rxb2 e3 32. Rg7 Qa5 33. Re2 Qc3 34. Rg3 Qd3+ 35. Rc2 Bf6 36. h4 Qd1+ 37. Rc1 e2 38. Re3 Qd2 0-1

[Event "Polish Youth Ekstraliga 2022"]
[Site "Lublin"]
[Date "2022.07.02"]
[Round "8.6"]
[White "Jaros, Emilia"]
[Black "Smietanska, Wiktoria"]
[Result "0-1"]
[ECO "B17"]
[WhiteElo "1366"]
[BlackElo "1879"]
[Annotator "NA RC"]
[PlyCount "176"]
[EventDate "2022.06.24"]
[EventType "team-tourn"]
[EventCountry "POL"]
[SourceTitle "playchess.com"]
[Source "ChessBase"]
[SourceQuality "1"]
[TimeControl "40/5400+30:1800+30"]

1. e4 c6 2. d4 d5 3. Nd2 dxe4 4. Nxe4 Nd7 5. Ng5 Ngf6 6. Bd3 e6 7. N1f3 Bd6 8. Qe2 h6 9. Ne4 Nxe4 10. Bxe4 Nf6 11. Bd3 O-O 12. Bd2 b5 13. O-O Bb7 14. c3 Qc7 15. h3 a6 16. b4 Rfe8 17. Ne5 Rad8 18. f4 a5 19. a3 Qb6 20. Kh1 g6 (20... axb4 $16 21. axb4 Qc7) 21. Ng4 Nxg4 22. Qxg4 Bf8 23. h4 h5 24. Qg3 Bg7 25. Be3 Qc7 26. Be4 Ra8 27. Qf3 Ra6 28. Qe2 Qe7 29. g3 Rea8 30. Qd3 Qd7 31. Rf2 Bf8 32. Bd2 Rd8 33. Kh2 axb4 34. cxb4 Qxd4 35. Qxd4 Rxd4 36. Re2 Bxb4 37. Bxb4 Rxb4 38. axb4 Rxa1 39. Rd2 Re1 40. Bg2 Ra1 41. Rd7 Ba8 42. Rd6 Ra2 43. Kh3 Kg7 44. Rd7 Ra4 45. Rd8 Kf6 46. Rc8 Ra7 47. Kh2 Ke7 48. Kh3 Kd7 49. Rf8 Kd6 50. Rd8+ Kc7 51. Rd3 $2 (51. Rg8) 51... Ra2 52. Rb3 Bb7 53. Bf3 Bc8 (53... c5 $142 54. Bxb7 c4) 54. g4 hxg4+ 55. Bxg4 Rc2 56. Kg3 Rc4 57. Bf3 Kb6 58. Be2 Rd4 59. Kf3 Bb7 60. Ke3 Rd8 61. h5 gxh5 62. Bxh5 Rh8 63. Bf3 Rh3 64. Kd4 Kc7 65. Ke5 (65. Kc5 {only move.}) 65... c5 66. bxc5 Rxf3 67. Rxb5 Bd5 68. Rb1 Kc6 $19 69. Rc1 f6+ 70. Kxf6 Rxf4+ 71. Ke5 Re4+ 72. Kf6 Rc4 73. Re1 Kxc5 74. Ke5 Rc2 75. Re3 Kc4 76. Re1 Kd3 77. Kd6 Re2 78. Rxe2 Kxe2 79. Ke5 Ke3 80. Kf6 Kf4 81. Kg6 e5 82. Kf6 e4 83. Kg6 e3 84. Kf6 e2 85. Kg6 e1=Q 86. Kf6 Qe6+ 87. Kg7 Kg5 88. Kh8 Qg8# 0-1

[Event "Polish Youth Ekstraliga 2022"]
[Site "Lublin"]
[Date "2022.07.02"]
[Round "8.7"]
[White "Kazmierowski, Tymon"]
[Black "Niedbala, Bartlomiej"]
[Result "0-1"]
[ECO "B08"]
[WhiteElo "2020"]
[BlackElo "2384"]
[Annotator "TA"]
[PlyCount "108"]
[EventDate "2022.06.24"]
[EventType "team-tourn"]
[EventCountry "POL"]
[SourceTitle "playchess.com"]
[Source "ChessBase"]
[SourceQuality "1"]
[TimeControl "40/5400+30:1800+30"]

1. e4 d6 2. d4 Nf6 3. Nc3 g6 4. Nf3 Bg7 5. Bc4 O-O 6. O-O Nc6 7. h3 {[%emt 0:09:03] [#]} Nxe4 $1 8. Nxe4 {[%emt 0:03:01] Strongly threatening d5. B08: Pirc Defence: Classical System.} (8. Bxf7+ Rxf7) 8... d5 9. Bxd5 Qxd5 10. Nc3 {[%emt 0:00:03] Black is slightly better.} Qa5 11. Be3 Rd8 12. Qe2 {[%emt 0:04:40] [#]} b6 $146 {[%emt 0:11:43] [#] Threatens to win with ...Ba6.} ({Predecessor:} 12... Bf5 13. Rfd1 h6 14. a3 Be6 15. b4 Qh5 16. Rab1 a6 17. a4 Na7 18. b5 a5 {½-½ (44) Rosandic,A (2060)-Weng,A (2120) Litomysl 1994}) 13. Rfd1 ({But not} 13. Qc4 Bb7 $15) (13. Nb5 $11 {is more appropriate.}) 13... Ba6 $15 14. Qe1 Rd7 15. Bf4 (15. a3 $11) 15... Qf5 (15... Bxd4 $2 16. Qe4 Bb7 17. Nxd4 $18) (15... Nxd4 $142 16. Nxd4 Bxd4) 16. Be5 $17 Bf8 (16... Qxc2 17. Bxg7 Kxg7 18. d5 $18) (16... Nxe5 $17 17. Nxe5 Rd6) 17. d5 Nb4 18. Nd4 Nxc2 19. Nxc2 Qxc2 20. Rd2 (20. Qe3 $1 $11 Bg7 21. Bxg7 Kxg7 22. Qd4+ Kg8 23. Rac1) 20... Qf5 $15 21. g4 (21. f4 $15 h5 22. Ne4) 21... Qf3 $17 22. Bg3 Rad8 23. Rad1 (23. Rd4 $17 Bg7 24. Qe4 Qxe4 25. Rxe4) 23... e6 $2 (23... Bh6 $19 24. Rd4 c5) 24. Qe4 $1 $11 Qxe4 25. Nxe4 Be7 {[%emt 0:01:30] Against Nf6+} (25... Bg7 {with more complications.} 26. Bh4 Rf8 27. dxe6 Rxd2 28. exf7+ Rxf7 29. Rxd2 h6) 26. dxe6 Rxd2 27. exf7+ Kxf7 28. Rxd2 Rxd2 29. Nxd2 {[%emt 0:00:01][%mdl 4096] Endgame KBB-KBN} Bd8 30. f3 Ke6 31. Kf2 Kd5 32. Ke3 (32. Ne4 $15) 32... Bg5+ 33. f4 (33. Bf4 $17 Bf6 34. Bxc7) 33... Bf6 $19 34. b3 Bd4+ 35. Kf3 c5 {[%emt 0:01:31] Black is more active.} 36. h4 (36. Nc4 $17) 36... Bd3 37. Bf2 (37. Nc4 $142) 37... Bc3 {[%emt 0:01:05] A strong pair of Bishops.} 38. Ke3 Bc2 39. g5 (39. Ke2 $17 {might work better.}) 39... Bd4+ 40. Ke2 Bc3 $2 ({Black should try} 40... Bf5 $19 {White must now prevent ...b5.} 41. Be3 b5) 41. Be3 $2 (41. Ke3 $1 $11 {and White is okay.}) 41... b5 42. Nf1 Bb1 43. a3 a6 {[%emt 0:10:47] Hoping for ...c4.} 44. Bd2 (44. Bc1 {keeps fighting.}) 44... Bb2 45. Ne3+ Kd4 46. Nd1 Bd3+ 47. Kf3 Bxa3 48. Bc3+ Kd5 {[%emt 0:01:14] This move loses the game for White.} 49. Ne3+ {[%emt 0:00:15] Black is clearly winning.} Ke6 50. Ng4 (50. Bg7 $142) 50... Bc2 51. Nf6 b4 52. Be5 Bxb3 53. Nxh7 c4 {[%emt 0:00:47] aiming for ...c3.} 54. h5 Bd1+ {[%emt 0:00:28] Weighted Error Value: White=0.55/Black=0.22 (precise)} (54... c3 $142 55. Bd4 Bd5+ 56. Kg3 c2) 0-1

[Event "Polish Youth Ekstraliga 2022"]
[Site "Lublin"]
[Date "2022.07.02"]
[Round "8.8"]
[White "Redzisz, Michal"]
[Black "Grzadka, Artur"]
[Result "1-0"]
[ECO "A04"]
[WhiteElo "2236"]
[BlackElo "1718"]
[Annotator "TA"]
[PlyCount "95"]
[EventDate "2022.06.24"]
[EventType "team-tourn"]
[EventCountry "POL"]
[SourceTitle "playchess.com"]
[Source "ChessBase"]
[SourceQuality "1"]
[TimeControl "40/5400+30:1800+30"]

1. Nf3 d6 2. d4 g6 3. b3 Bg7 4. Bb2 Nd7 5. e3 e5 6. Nbd2 {[%emt 0:00:34] A41: 1 d4 d6: Tartakower System and Modern Defence.} ({White should try} 6. dxe5 $14 Ne7 7. Bc3 dxe5 8. Nbd2) 6... Qe7 $11 7. dxe5 Nxe5 8. Qc1 {[%emt 0:00:03] [#] The position is equal.} Nxf3+ $146 ({Predecessor:} 8... Be6 9. Be2 h5 10. h4 Nh6 11. Ng5 Bg4 12. f4 Bxe2 13. Kxe2 Neg4 14. Nf1 f6 15. Nf3 O-O-O 16. c4 Nf5 17. Nd4 Qe4 18. Nf3 Rhe8 19. Qb1 Qxf4 {0-1 (19) Kirkwood,R (1677)-Garcia Blazquez,P (1851) Caleta 2017}) 9. Nxf3 Bxb2 10. Qxb2 Qf6 11. O-O-O Bg4 12. Be2 Qxb2+ 13. Kxb2 O-O-O 14. h3 Bd7 15. Nd2 Bc6 16. Bf3 Ne7 17. a4 a5 18. Bxc6 Nxc6 19. Nf3 b6 20. Nd4 Kb7 21. Kc3 Rhe8 22. Nxc6 Kxc6 {[%emt 0:00:05][%mdl 4096] Endgame KRR-KRR} 23. Rd4 Re5 24. Rhd1 Rde8 25. Rf4 Rc5+ 26. Kb2 Re7 27. Rf6 Rd5 28. Rd3 Rxd3 29. cxd3 {[%emt 0:00:31] KR-KR} Kd5 {[%emt 0:10:23] [#]} (29... Kd7 $1 $11) 30. g4 $1 $16 Kc6 31. Kc3 b5 32. Kd4 Kb6 33. e4 Kc6 (33... Rd7 $16 34. g5 c6) 34. h4 $18 Kb6 35. h5 Kc6 36. f4 bxa4 (36... Kb6 $142 37. f5 Rd7 38. hxg6 (38. fxg6 fxg6 39. hxg6 hxg6 $18) 38... hxg6 39. fxg6 fxg6 40. Rxg6 Rh7) 37. bxa4 Kd7 38. Kc4 c6 39. Kd4 Kc7 40. Kc4 $2 (40. f5 $18) 40... Rd7 $2 (40... Kd7 $1 $11) 41. f5 Kb6 42. Kd4 ({Don't play} 42. fxg6 fxg6 43. hxg6 hxg6 44. Rxg6 d5+ 45. exd5 Rxd5) 42... d5 $2 (42... Kc7 43. g5 (43. fxg6 fxg6 44. hxg6 hxg6 $18) 43... Re7 44. hxg6 hxg6 45. fxg6 fxg6 46. Rxg6 Kd7) 43. e5 {[%emt 0:00:38][%cal Be4e5,Be5e6][%mdl 32] White is clearly winning.} gxh5 44. gxh5 Re7 45. Rh6 Rd7 46. Rxh7 {[%emt 0:01:42] [#] aiming for e6.} c5+ 47. Kc3 {[%emt 0:00:14] Strongly threatening e6.} c4 48. e6 {[%emt 0:00:38] Weighted Error Value: White=0.14 (very precise) /Black=0.31} 1-0

[Event "Polish Youth Ekstraliga 2022"]
[Site "Lublin"]
[Date "2022.07.02"]
[Round "8.9"]
[White "Przybylski, Jan"]
[Black "Warchol, Kamil"]
[Result "0-1"]
[ECO "B49"]
[WhiteElo "1694"]
[BlackElo "2079"]
[Annotator "NA RC"]
[PlyCount "122"]
[EventDate "2022.06.24"]
[EventType "team-tourn"]
[EventCountry "POL"]
[SourceTitle "playchess.com"]
[Source "ChessBase"]
[SourceQuality "1"]
[TimeControl "40/5400+30:1800+30"]

1. e4 c5 2. Nf3 e6 3. d4 cxd4 4. Nxd4 Nc6 5. Nc3 Qc7 6. Be3 a6 7. Be2 b5 8. O-O Bb7 9. a3 Nf6 10. f4 Bc5 {[%emt 0:20:48] 10...Nxd4 is becoming the main line.} 11. Nf5 Bxe3+ 12. Nxe3 {[%emt 0:00:07] [#]} d6 $146 ({Predecessor:} 12... Qb6 13. Qd2 d5 14. exd5 exd5 15. Kh1 d4 16. Nf5 O-O 17. Nd1 Ne4 18. Qd3 Rfe8 {1-0 (28) De Nacimiento Montano,A (1999)-Ladron de Guevara Bravo,P (2052) Linares 2007}) 13. Qd2 O-O 14. Ng4 Nxg4 15. Bxg4 Rad8 16. Rad1 Na5 17. Be2 d5 18. e5 d4 19. Na2 Nc4 20. Bxc4 bxc4 21. Qf2 Qc6 22. Nb4 Qb5 23. Rxd4 a5 24. Na2 Qxb2 25. c3 Qxf2+ 26. Kxf2 Bd5 27. Re1 Rb8 28. Nc1 Rb2+ 29. Re2 Rb1 30. Rc2 Rfb8 31. Ke3 Ra1 32. Rdd2 h6 33. Kd4 Rbb1 34. Na2 Rb3 35. Nc1 Rbxa3 36. Ra2 R3xa2 37. Nxa2 Rb1 38. Kc5 h5 39. Rf2 g6 (39... h4 $142 40. Kd6 Rd1) 40. g3 Kf8 41. Re2 Kg7 42. Rf2 Kh6 43. Re2 h4 44. g4 Rf1 45. f5 gxf5 46. gxf5 Rxf5 47. Kb5 Kg5 48. Kxa5 Kf4 49. Kb4 Bf3 50. Rd2 Rxe5 51. Kxc4 Ke3 52. Rd3+ Kf2 53. Nc1 Bd5+ 54. Kd4 Re4+ $2 (54... Re1 55. Rd2+ Kf3) 55. Kc5 f5 56. Rd2+ Kf3 57. Rc2 Rc4+ 58. Kd6 $19 Be4 59. Nb3 Bxc2 60. Nd2+ Ke2 61. Nxc4 f4 0-1

[Event "Polish Youth Ekstraliga 2022"]
[Site "Lublin"]
[Date "2022.07.02"]
[Round "8.10"]
[White "Krol, Jan"]
[Black "Terkiewicz, Bruno"]
[Result "1/2-1/2"]
[ECO "B90"]
[WhiteElo "1668"]
[BlackElo "1320"]
[Annotator "NA RC"]
[PlyCount "87"]
[EventDate "2022.06.24"]
[EventType "team-tourn"]
[EventCountry "POL"]
[SourceTitle "playchess.com"]
[Source "ChessBase"]
[SourceQuality "1"]
[TimeControl "40/5400+30:1800+30"]

1. e4 c5 2. Nf3 d6 3. d4 cxd4 4. Nxd4 Nf6 5. Nc3 a6 6. Bd3 e5 7. Nde2 Be7 8. O-O O-O 9. Kh1 b5 10. a3 Nbd7 11. Ng3 Nc5 12. f4 Re8 13. Nd5 Nxd5 14. exd5 exf4 15. Bxf4 Bf6 16. c3 Nxd3 17. Qxd3 Be5 18. Qf3 Bxf4 19. Qxf4 Ra7 20. a4 Rae7 21. axb5 axb5 22. Nh5 f5 23. Qg3 Kh8 24. h3 g6 25. Nf4 Qc7 26. Qh4 Kg7 27. Qg5 Rf7 28. Ra8 Qe7 29. Qg3 Bb7 30. Rxe8 Qxe8 31. Re1 Re7 32. Ne6+ Kg8 33. Qxd6 Rd7 34. Qg3 Bxd5 35. Nc7 Qf7 36. Re8+ Kg7 37. Qe5+ Kh6 38. Nxd5 Rxd5 39. Qe2 Rd1+ 40. Kh2 Qc7+ 41. Qe5 Qa7 42. Qe3+ Qxe3 43. Rxe3 Rd2 44. b3 1/2-1/2

[Event "Polish Youth Ekstraliga 2022"]
[Site "Lublin"]
[Date "2022.07.02"]
[Round "8.11"]
[White "Bukala, Weronika"]
[Black "Adamczyk, Zuzanna"]
[Result "1-0"]
[ECO "B23"]
[WhiteElo "1827"]
[BlackElo "1909"]
[Annotator "RC"]
[PlyCount "121"]
[EventDate "2022.06.24"]
[EventType "team-tourn"]
[EventCountry "POL"]
[SourceTitle "playchess.com"]
[Source "ChessBase"]
[SourceQuality "1"]
[TimeControl "40/5400+30:1800+30"]

1. e4 c5 2. Nc3 Nc6 3. Nge2 g6 4. g3 Bg7 5. Bg2 d6 6. O-O e6 7. d3 Nge7 8. Be3 Nd4 9. Qd2 O-O 10. Rad1 a6 11. Nb1 Nxe2+ 12. Qxe2 Nc6 13. c3 e5 14. f4 exf4 15. Bxf4 Be6 16. b3 Qd7 17. Qf2 Rad8 18. Rd2 h6 19. d4 cxd4 20. cxd4 Bh3 21. Nc3 Bxg2 22. Kxg2 Ne7 23. Qf3 d5 24. e5 f6 25. Qe2 g5 26. exf6 Rxf6 27. Be5 Rxf1 28. Qxf1 Bxe5 29. dxe5 Qc6 30. Ne4 Rf8 31. Nf6+ Kg7 32. Qd3 Ng6 33. Rc2 Qe6 34. Rf2 Rd8 35. Nh5+ Kg8 36. Nf6+ Kg7 37. Nh5+ Kg8 38. Rf6 Nxe5 39. Qe3 Qe7 40. Rxh6 d4 41. Qe4 Rd6 42. Rxd6 Qxd6 43. Qxb7 Nf7 44. Qc8+ Nd8 45. Qd7 Qxd7 46. Nf6+ Kf7 47. Nxd7 Nc6 48. Kf3 Ke6 49. Nc5+ Kd5 50. Nxa6 Ne5+ 51. Ke2 Ng4 52. Nb4+ Ke4 53. h4 gxh4 54. gxh4 Ne5 55. h5 Ng4 56. a4 Nh6 57. a5 Nf5 58. a6 d3+ 59. Nxd3 Nd4+ 60. Kd1 Nc6 61. h6 1-0

[Event "Polish Youth Ekstraliga 2022"]
[Site "Lublin"]
[Date "2022.07.02"]
[Round "8.13"]
[White "Poltorak, Sebastian"]
[Black "Ciborowski, Konrad Jr"]
[Result "1-0"]
[ECO "A00"]
[WhiteElo "2322"]
[BlackElo "1927"]
[Annotator "TA"]
[PlyCount "103"]
[EventDate "2022.06.24"]
[EventType "team-tourn"]
[EventCountry "POL"]
[SourceTitle "playchess.com"]
[Source "ChessBase"]
[SourceQuality "1"]
[TimeControl "40/5400+30:1800+30"]

1. a3 Nf6 2. Nf3 e6 3. b4 c5 4. bxc5 Bxc5 5. d4 Be7 6. e3 {[%emt 0:00:53] A00: Irregular Openings.} O-O 7. c4 d5 8. Nc3 {[%emt 0:00:38] The position is equal.} b6 9. Bb2 Ba6 {[%emt 0:06:15] [#]} 10. Ne5 $146 ({Predecessor:} 10. Qa4 Qc8 11. Nd2 dxc4 12. Bxc4 Bb7 13. O-O Nbd7 14. Rac1 a6 15. Be2 b5 16. Qd1 {1-0 (35) Kracik,T (1892)-Drasnar,P Nachod 2006}) 10... dxc4 11. Qf3 Nbd7 (11... Nd5 $5 ) 12. Nc6 Qe8 13. a4 $1 {[%emt 0:00:26] Inhibits b5.} Bd6 {[%emt 0:03:04] And now ...Bb7 would win.} 14. Nb5 $1 Bxb5 15. axb5 a6 16. Bxc4 ({Don't blunder} 16. Rxa6 $2 Rxa6 17. bxa6 b5 $19) 16... axb5 17. Bxb5 Rxa1+ 18. Bxa1 Nb8 19. O-O $1 Nxc6 20. Bxc6 Qb8 21. g3 b5 22. e4 {[%emt 0:00:54] e5 is the strong threat.} e5 {[%emt 0:01:38] [#]} 23. Qf5 $1 Qc8 24. dxe5 Bxe5 25. Bxb5 {[%emt 0:05:28] This bishop pair is nice.} ({Much weaker is} 25. Qxe5 Qxc6 26. Rb1 Qxe4 27. Rxb5 Rd8 $11) 25... Qxf5 26. exf5 Bxa1 27. Rxa1 $16 {[%emt 0:00:09][%mdl 4096] Endgame KRB-KRN} g6 28. fxg6 hxg6 29. Ra7 Kg7 30. Bc4 Ng8 31. g4 {[%emt 0:02:02] Black must now prevent g5.} g5 32. h3 {[%emt 0:01:34] White is more active.} Nh6 33. Ra5 f5 (33... Rc8 $142) 34. Bd3 fxg4 $2 {[%emt 0:01:46] Black cannot hold the game after this.} (34... Kh8 $16 {was called for.} 35. gxf5 Rf6) 35. Rxg5+ $18 Kf7 36. hxg4 Rd8 37. Be2 Rd4 38. f3 Kf6 39. Ra5 {[%emt 0:00:22] Hoping for g5+.} Nf7 {[%emt 0:01:34] Prevents g5+.} 40. Rf5+ Kg6 41. Kf2 Ng5 42. Ke3 Rd6 43. Bd3 {[%emt 0:00:06] White threatens Rd5+ and mate.} Kh6 44. f4 Ne6 45. Rf6+ Kg7 46. g5 Rc6 47. Bb5 (47. f5 $142 Nd8 48. Rxc6 Nxc6 49. Kf4 Kg8 50. f6 Kf7 51. Be4 Ne7 52. fxe7) 47... Rc3+ {[%emt 0:00:32] [#]} 48. Ke4 $1 Nf8 49. Rc6 Ra3 50. Rc7+ Kh8 51. Kf5 Ra5 52. Rb7 {[%emt 0:00:04] Weighted Error Value: White=0.04 (flawless) /Black=0.41} 1-0

[Event "Polish Youth Ekstraliga 2022"]
[Site "Lublin"]
[Date "2022.07.02"]
[Round "8.14"]
[White "Wydmanski, Szymon"]
[Black "Meers, Hubert"]
[Result "0-1"]
[ECO "A46"]
[WhiteElo "1815"]
[BlackElo "2013"]
[Annotator "RC"]
[PlyCount "96"]
[EventDate "2022.06.24"]
[EventType "team-tourn"]
[EventCountry "POL"]
[SourceTitle "playchess.com"]
[Source "ChessBase"]
[SourceQuality "1"]
[TimeControl "40/5400+30:1800+30"]

1. d4 Nf6 2. Nf3 e6 3. g3 c5 4. c4 cxd4 5. Nxd4 Nc6 6. Nxc6 bxc6 7. Bg2 d5 8. O-O Be7 9. Nc3 O-O 10. Qa4 Bd7 11. Rd1 Qb6 12. Qc2 Rfc8 13. e4 Ng4 14. Na4 Qa6 15. c5 e5 16. b4 d4 17. Bf1 Qb7 18. a3 Rf8 19. h3 Nf6 20. Kg2 Qc8 21. Kh2 Be6 22. Bd2 Ne8 23. Nb2 f5 24. Be1 Nf6 25. exf5 Bxf5 26. Qb3+ Kh8 27. Nd3 Qc7 28. Bg2 Rad8 29. Ra2 Nd5 30. Re2 Bf6 31. b5 Rfe8 32. Be4 Qc8 33. g4 Be6 34. Qb1 cxb5 35. Qxb5 Bg5 36. Qb1 Bf4+ 37. Kh1 Bxg4 38. hxg4 Qxg4 39. f3 Qh3+ 40. Kg1 Be3+ 41. Bf2 Re6 42. Bxe3 Nxe3 43. Rxe3 Qg3+ 44. Kf1 dxe3 45. Qa2 Rh6 46. Qg2 e2+ 47. Kxe2 Qxg2+ 48. Nf2 Rxd1 0-1

[Event "Polish Youth Ekstraliga 2022"]
[Site "Lublin"]
[Date "2022.07.02"]
[Round "8.15"]
[White "Zielonka, Adam"]
[Black "Wolak, Maciej"]
[Result "1-0"]
[ECO "A36"]
[WhiteElo "1988"]
[BlackElo "1316"]
[Annotator "NA RC"]
[PlyCount "35"]
[EventDate "2022.06.24"]
[EventType "team-tourn"]
[EventCountry "POL"]
[SourceTitle "playchess.com"]
[Source "ChessBase"]
[SourceQuality "1"]
[TimeControl "40/5400+30:1800+30"]

1. c4 c5 2. Nc3 Nc6 3. g3 g6 4. Bg2 Bg7 5. e4 d6 6. Nge2 e6 7. O-O Nge7 8. d3 O-O 9. Rb1 b6 10. a3 Bb7 11. b4 Qd7 12. Be3 Rad8 13. Qd2 Nd4 14. Bg5 Qe8 15. Nxd4 Bxd4 16. Nb5 a6 17. Nxd4 cxd4 18. Bf6 1-0

[Event "Polish Youth Ekstraliga 2022"]
[Site "Lublin"]
[Date "2022.07.02"]
[Round "8.16"]
[White "Kania, Franciszek"]
[Black "Liskiewicz, Jakub"]
[Result "1-0"]
[ECO "A15"]
[WhiteElo "1523"]
[BlackElo "1839"]
[Annotator "NA RC"]
[PlyCount "103"]
[EventDate "2022.06.24"]
[EventType "team-tourn"]
[EventCountry "POL"]
[SourceTitle "playchess.com"]
[Source "ChessBase"]
[SourceQuality "1"]
[TimeControl "40/5400+30:1800+30"]

1. c4 Nf6 2. g3 e6 3. Bg2 d5 4. Nf3 c6 5. Qc2 Bd6 6. d4 O-O 7. O-O Nbd7 8. Nbd2 Qc7 9. e4 dxe4 10. Nxe4 Nxe4 11. Qxe4 e5 12. c5 Be7 13. Nxe5 Nf6 14. Qc2 Rd8 15. Rd1 Rxd4 16. Rxd4 Qxe5 17. Rd1 Bg4 18. Rf1 Rd8 19. Bf4 Qh5 20. Bd6 Bxd6 21. cxd6 Rxd6 22. f3 Bd7 23. Rad1 Nd5 24. Qc5 Rh6 25. Kf2 b6 26. Qd4 Qf5 27. h4 Rg6 28. Rfe1 h5 29. Qe4 Qf6 30. Qe5 Qd8 31. Qxh5 b5 32. Qe5 Qb6+ 33. Qd4 Qc7 34. f4 Rf6 35. Bxd5 cxd5 36. Qxd5 Qb6+ 37. Qd4 Bg4 38. Qxb6 Rxb6 39. Rd8+ Kh7 40. Re7 Rc6 41. Rd2 Ra6 42. a3 Be6 43. Rb7 Bc4 44. Re7 Be6 45. Kf3 Kg6 46. g4 Kf6 47. Rc7 g6 48. Rd8 Ra4 49. Rb8 a6 50. Rb6 Rd4 51. g5+ Kf5 52. Rxf7+ 1-0

[Event "Polish Youth Ekstraliga 2022"]
[Site "Lublin"]
[Date "2022.07.02"]
[Round "8.17"]
[White "Zabrzanska, Weronika"]
[Black "Dylag, Emilia"]
[Result "0-1"]
[ECO "B22"]
[WhiteElo "1882"]
[BlackElo "2022"]
[Annotator "NA RC"]
[PlyCount "67"]
[EventDate "2022.06.24"]
[EventType "team-tourn"]
[EventCountry "POL"]
[SourceTitle "playchess.com"]
[Source "ChessBase"]
[SourceQuality "1"]
[TimeControl "40/5400+30:1800+30"]

1. e4 c5 2. c3 e5 3. Nf3 Nc6 4. d4 cxd4 5. cxd4 exd4 6. Nxd4 Nf6 7. Nc3 Bb4 8. Nxc6 dxc6 9. Qxd8+ Kxd8 10. Bd2 Be6 11. O-O-O Kc8 12. a3 Bc5 13. f3 b5 14. b4 Be7 15. Kb2 a5 16. bxa5 Rd8 17. Be2 Nd7 18. Rc1 Nc5 19. Be3 Nb3 20. Rc2 Kb7 21. Bb6 Rd7 22. Nxb5 Nxa5 23. Bxa5 Rxa5 24. Nc3 Bxa3+ 25. Kb1 Bb3 26. Rd1 Rxd1+ 27. Bxd1 Bxc2+ 28. Bxc2 Bd6 29. Bb3 f6 30. g3 Rh5 31. Nd1 Rxh2 32. Ne3 Bxg3 33. Nf5 Be5 34. Ba4 0-1

[Event "Polish Youth Ekstraliga 2022"]
[Site "Lublin"]
[Date "2022.07.02"]
[Round "8.18"]
[White "Bandyk, Joanna"]
[Black "Polakiewicz, Blanka"]
[Result "1-0"]
[ECO "B43"]
[WhiteElo "1360"]
[BlackElo "1151"]
[Annotator "NA RC"]
[PlyCount "79"]
[EventDate "2022.06.24"]
[EventType "team-tourn"]
[EventCountry "POL"]
[SourceTitle "playchess.com"]
[Source "ChessBase"]
[SourceQuality "1"]
[TimeControl "40/5400+30:1800+30"]

1. e4 c5 2. Nf3 e6 3. d4 cxd4 4. Nxd4 a6 5. Nc3 b5 6. Be3 Bb7 7. f3 Qc7 8. Qd2 Bb4 9. a3 Bxc3 10. Qxc3 Qxc3+ 11. bxc3 Nc6 12. c4 bxc4 13. Bxc4 Nge7 14. Rb1 Rb8 15. O-O O-O 16. Nxc6 Nxc6 17. Bc5 Na5 18. Bxf8 Nxc4 19. Rb4 Kxf8 20. Rxc4 Bc6 21. Rb4 Ra8 22. Rfb1 Ke7 23. Kf2 Kf6 24. Rb8 Ra7 25. R1b6 a5 26. Ke3 a4 27. Rb4 Ra5 28. c4 Re5 29. R8b5 Bxb5 30. cxb5 Rc5 31. b6 Rc8 32. Rxa4 Ke7 33. Rb4 Ra8 34. a4 Kd8 35. b7 Rb8 36. a5 Kc7 37. a6 h6 38. a7 Rxb7 39. Rc4+ Kd6 40. a8=Q 1-0

[Event "Polish Youth Ekstraliga 2022"]
[Site "Lublin"]
[Date "2022.07.02"]
[Round "8.19"]
[White "Baum, Jonasz"]
[Black "Czernek, Tymon"]
[Result "1-0"]
[ECO "D19"]
[WhiteElo "2409"]
[BlackElo "2199"]
[Annotator "TA"]
[PlyCount "111"]
[EventDate "2022.06.24"]
[EventType "team-tourn"]
[EventCountry "POL"]
[SourceTitle "playchess.com"]
[Source "ChessBase"]
[SourceQuality "1"]
[TimeControl "40/5400+30:1800+30"]

1. d4 d5 2. c4 c6 3. Nf3 Nf6 4. Nc3 dxc4 5. a4 Bf5 6. e3 e6 7. Bxc4 Bb4 8. O-O O-O 9. Qe2 Nbd7 10. e4 Bg6 11. Bd3 Bh5 12. e5 Nd5 13. Nxd5 cxd5 14. Qe3 Be7 15. Ng5 $1 {[%emt 0:01:06] 15.Ng5 scores better than 15.Bd2. D19: Slav Defence: 5 a4 Bf5 6 e3: Main line with 9 Qe2.} Bxg5 16. Qxg5 Qxg5 17. Bxg5 {[%emt 0:00:01] The position is equal.} a6 18. Rfc1 Rac8 {[%emt 0:00:26] [#] Inhibits Rc7.} 19. Be7 $146 ({Predecessor:} 19. a5 Nb8 20. Be7 Rfe8 21. Bc5 Bg6 22. Be2 Nd7 23. b4 Nxc5 24. bxc5 Rc6 25. Rc3 {1-0 (48) Mulyar,M (2392)-Pressman,L (2265) Arlington 2015}) 19... Rfe8 20. Bd6 {[%emt 0:00:05] White is more active.} Bg6 21. Bf1 Nb6 22. b3 f6 (22... Nd7 $16) 23. f4 (23. a5 $1 $18 Nd7 24. b4) 23... fxe5 24. fxe5 ({Don't play} 24. Bxe5 Nd7 $11) 24... Rxc1 25. Rxc1 {[%emt 0:00:04] aiming for a5.} Rc8 26. Rc5 {[%emt 0:01:06] Black must now prevent a5.} Be8 $1 27. Kf2 Rc6 28. Ke3 Nc8 29. Bc7 (29. Rxc6 $16 Bxc6 30. Bc5) 29... Ne7 30. Rxc6 Nxc6 $14 {[%emt 0:02:49][%mdl 4096] Endgame KBB-KBN} 31. Kd3 Kf7 (31... Bh5 $14) 32. Kc3 $16 Kg6 33. Bd3+ Kh6 34. b4 Na7 {[%emt 0:01:19] Prevents b5.} (34... Ne7 $16) 35. b5 $1 $18 axb5 36. Bb6 (36. a5 $1 $16) 36... Nc8 $14 37. a5 {[%emt 0:00:01] Hoping for Bc5.} g6 $2 {[%emt 0:02:53][%mdl 8192] This costs Black the game.} (37... Nxb6 $14 38. axb6 g6) 38. Bc5 $1 $18 {[%emt 0:00:39] Strongly threatening Kb4.} Kg7 39. Kb4 Kf7 40. Bxb5 Bxb5 41. Kxb5 {[%emt 0:00:57] KB-KN. White mates.} Ke8 {[%emt 0:04:11] [#]} 42. a6 $1 bxa6+ 43. Kxa6 Kd8 {[%emt 0:00:52] [#]} 44. Kb7 $1 Kd7 45. g3 h6 46. h3 h5 47. h4 Kd8 48. Kc6 Ke8 49. Kc7 Ne7 50. Bxe7 Kxe7 {[%emt 0:00:03] KP-KP} 51. Kc6 Ke8 52. Kd6 Kf7 53. Kd7 g5 54. hxg5 Kg6 55. Kxe6 Kxg5 56. Kxd5 {[%emt 0:00:12] Weighted Error Value: White=0.08 (flawless) /Black=0.24 (precise)} 1-0